 Dungeon Crawl Stone Soup version 0.30-a0-313-gae38170b09 (webtiles) character file.

Game seed: 9505659964451636635

57682 Kirkhe the Thaumaturge (level 14, -4/90 HPs)
             Began as a Demonspawn Ice Elementalist on Oct 25, 2022.
             Was a High Priest of Vehumet.
             Slain by a six-headed hydra (12 damage)
             ... on level 4 of the Lair of Beasts on Oct 26, 2022.
             The game lasted 01:01:10 (17331 turns).

Kirkhe the Thaumaturge (DsIE)                      Turns: 17331, Time: 01:01:16

Health: -4/90      AC: 17    Str: 15    XL:     14   Next: 46%
Magic:  11/32      EV: 12    Int: 28    God:    Vehumet [*****.]
Gold:   1019       SH:  0    Dex: 15    Spells: 23/41 levels left

rFire   . . .      SeeInvis .    e - +3 short sword (venom)
rCold   + . .      Faith    .    (no shield)
rNeg    . . .      Spirit   .    m - +0 leather armour {rC+}
rPois   +          Reflect  .    I - +1 helmet "Vekepp" {rPois Str+6}
rElec   .          Harm     .    x - +1 cloak
rCorr   .          Rampage  .    (gloves unavailable)
Will    ++...                    V - +1 pair of boots
Stlth   +++++.....               (no amulet)
HPRegen 0.35/turn                r - +6 ring of intelligence
MPRegen 0.23/turn                M - ring of poison resistance

@: ice-armoured
A: claws 3, thin skeletal structure 1, demonic guardian 2, demonic magic 2,
strong-willed 1
a: Renounce Religion


You were on level 4 of the Lair of Beasts.
You worshipped Vehumet.
Vehumet was extremely pleased with you.
You visited 3 branches of the dungeon, and saw 16 of its levels.
You also visited: Sewer, Bailey and Ice Cave.

You collected 1019 gold pieces.

Inventory:

Hand Weapons
 e - a +3 short sword of venom (weapon)
 O - a +3 dagger of distortion
Missiles
 d - 71 poisoned darts
 C - a throwing net
Armour
 m - a +0 leather armour of cold resistance (worn)
 n - the +2 helmet of the Snake Pit {rF+ rC- rN+}
   (You found it on level 2 of the Dungeon)

   rF:        It protects you from fire.
   rC:        It makes you vulnerable to cold.
   rN:        It protects you from negative energy.
 w - the +10 ice dragon scales "Vetao" {rF- rC++ Str+3 Dex+3 Stlth-}
   (You took it off a spriggan in a bailey)

   Str:       It affects your strength (+3).
   Dex:       It affects your dexterity (+3).
   rF:        It makes you vulnerable to fire.
   rC:        It greatly protects you from cold.
   Stlth:     It makes you less stealthy.
 x - a +1 cloak (worn)
 I - the +1 helmet "Vekepp" (worn) {rPois Str+6}
   (You found it on level 8 of the Dungeon)

   Str:       It affects your strength (+6).
   rPois:     It protects you from poison.
 V - a +1 pair of boots (worn)
Magical Staves
 B - a staff of fire
Jewellery
 c - a ring of resist corrosion
 r - a +6 ring of intelligence (left claw)
 s - a ring of protection from cold
 u - a ring of flight
 M - a ring of poison resistance (right claw)
 T - a +6 ring of dexterity
Wands
 a - a wand of mindburst (8)
 v - a wand of polymorph (4)
 Q - a wand of digging (6)
 R - a wand of paralysis (6)
Scrolls
 f - a scroll of summoning
 g - 2 scrolls of magic mapping
 i - 5 scrolls of teleportation
 y - 3 scrolls of butterflies
 E - 3 scrolls of enchant armour
 H - a scroll of blinking
 J - 3 scrolls of enchant weapon
 K - 2 scrolls of amnesia
 L - 2 scrolls of fear
 P - 7 scrolls of identify
 U - a scroll of poison
Potions
 b - a potion of magic
 h - 3 potions of resistance
 j - 2 potions of flight
 k - 4 potions of haste
 l - 4 potions of might
 o - 3 potions of mutation
 p - 2 potions of heal wounds
 q - 5 potions of lignification
 t - a potion of brilliance
 z - 2 potions of curing
 A - 4 potions of berserk rage
 D - 2 potions of ambrosia
 G - 4 potions of cancellation
 N - a potion of invisibility
Miscellaneous
 F - a phantom mirror
 S - a condenser vane


   Skills:
 + Level 2.1 Fighting
 + Level 5.9 Short Blades
 + Level 1.1 Armour
 + Level 1.8 Dodging
 - Level 10.6 Stealth
 + Level 14.3 Spellcasting
 * Level 8.6 Conjurations
 + Level 11.5 Ice Magic
 - Level 2.0 Earth Magic
 - Level 0.1 Evocations


You had 23 spell levels left.
You knew the following spells:

 Your Spells              Type           Power      Damage    Failure   Level
a - Freeze                Ice            100%       1d10      1%          1
b - Frozen Ramparts       Ice            100%       1d16      1%          3
c - Ozocubu's Armour      Ice            71%        N/A       1%          3
d - Stone Arrow           Conj/Erth      100%       3d13      1%          3
e - Mephitic Cloud        Conj/Pois/Air  36%        N/A       1%          3
f - Freezing Cloud        Conj/Ice/Air   27%        6-21      1%          5

Your spell library contained the following spells:

 Spells                   Type           Power      Damage    Failure   Level
 Kiss of Death            Conj/Necr      100%       2d13      1%          1
 Flame Wave               Conj/Fire      44%        2d11      1%          4
 Sticky Flame             Conj/Fire      44%        2d6       1%          4
 Ignite Poison            Fire/Tmut/Pois 20%        N/A       2%          3
 Inner Flame              Hex/Fire       20%        N/A       2%          3
 Summon Ice Beast         Ice/Summ       51%        N/A       3%          4
 Confusing Touch          Hex            20%        N/A       10%         3
 Dispel Undead            Necr           20%        3d11      30%         4
 Summon Lightning Spire   Summ/Air       20%        N/A       30%         4
 Storm Form               Tmut/Air       10%        N/A       100%        7
 Ignition                 Fire           10%        3d5       100%        8
 Maxwell's Capacitive Co  Air            10%        ∞         100%        8


Dungeon Overview and Level Annotations

Branches:
Dungeon (11/15)            Temple (1/1) D:7            Lair (4/5) D:11
 Shoals (0/4) Lair:2        Snake (0/4) Lair:3        Slime (0/5) Lair:4
    Orc (0/2) D:9           Sewer (visited)          Bailey (visited)
  IceCv (visited)

Altars:
Cheibriados
Dithmenos
Gozag
Kikubaaqudgha
Makhleb
Nemelex Xobeh
Qazlal
Ru
Sif Muna
Uskayaw
Vehumet
Wu Jian
Xom
Jiyva

Shops:
D:9 *

Annotations:
D:6 3 runed translucent doors, Zarkath's ghost, novice OpTm
D:11 Lodul


Innate Abilities, Weirdness & Mutations

You have claws for hands.
You have a somewhat thin skeletal structure. (Dex +2, Stealth+)
A demonic guardian rushes to your aid.
Spells you cast may paralyse nearby enemies.
You are strong-willed. (Will+)


Message History

The six-headed hydra closely misses you.
The six-headed hydra bites you! The six-headed hydra bites you. x2
The six-headed hydra bites you but does no damage.
Casting: Stone Arrow (safe; 1% risk of failure)
Confirm with . or Enter, or press ? or * to list all spells.
Aiming: Stone Arrow (safe; 1% risk of failure)
Press: ? - help, Shift-Dir - straight line, f/p - six-headed hydra
Aim: a six-headed hydra (severely wounded, 92% to hit)
The stone arrow hits the six-headed hydra!
The six-headed hydra is severely wounded.
Malevolent energies surge around you. The six-headed hydra bites you. x2
The six-headed hydra closely misses you.
The six-headed hydra misses you. The six-headed hydra bites you. x2
Casting: Stone Arrow (safe; 1% risk of failure)
Confirm with . or Enter, or press ? or * to list all spells.
Aiming: Stone Arrow (safe; 1% risk of failure)
Press: ? - help, Shift-Dir - straight line, f/p - six-headed hydra
Aim: a six-headed hydra (severely wounded, 92% to hit)
The stone arrow misses the six-headed hydra.
Malevolent energies surge around you.
The six-headed hydra bites you but does no damage.
The six-headed hydra completely misses you.
The six-headed hydra bites you but does no damage. x2
The six-headed hydra bites you! The six-headed hydra bites you.
Casting: Stone Arrow (safe; 1% risk of failure)
Confirm with . or Enter, or press ? or * to list all spells.
Aiming: Stone Arrow (safe; 1% risk of failure)
Press: ? - help, Shift-Dir - straight line, f/p - six-headed hydra
Aim: a six-headed hydra (severely wounded, 92% to hit)
The stone arrow hits the six-headed hydra!
The six-headed hydra is almost dead.
Malevolent energies surge around you. The six-headed hydra bites you.
The six-headed hydra bites you!
* * * LOW HITPOINT WARNING * * *
The six-headed hydra bites you.
* * * LOW HITPOINT WARNING * * *
A demonic guardian appears!
The six-headed hydra bites you!
* * * LOW HITPOINT WARNING * * *
The six-headed hydra bites you!
You die...

#.....# ....... ##......
<...... #......### ###
.#..... #.#....#.###.#
......## #............
#.....# #.>##..#..#..
#.....####P....##.....
#..D.#.#....#..##.##.
###$.@.#....#...#P.##.
#P.3..##........#.....
#.....##.........#....
#......###............ #
##.#P.$###............
...#......#P#..#..#...#..
.......................##
..P.......##...#...#..#.#
......##........#.##...†.


You could see a six-headed hydra (ally target) and a friendly smoke demon
(summoned).

Vanquished Creatures
  Gastronok (Lair:2)
  Josephine (Lair:4)
  2 hydras
  Erica (D:9)
  A boulder beetle (D:11)
  3 two-headed ogres
  A bog body (IceCv)
  A necromancer (IceCv)
  Joseph (D:8)
  6 cane toads
  2 ice statues (IceCv)
  An unseen horror (D:11)
  2 black mambas
  A torpor snail (Lair:2)
  5 komodo dragons
  2 rime drakes
  Psyche (D:11)
  3 ice devils (IceCv)
  A freezing wraith (IceCv)
  A troll (D:11)
  3 anaconda simulacra (IceCv)
  2 polar bears
  Prince Ribbit (D:5)
  11 blink frogs
  Sigmund (D:2)
  4 slime creatures (Lair:4)
  5 spriggans (Bailey)
  2 shadows (D:11)
  4 wyverns
  4 wraiths
  47 yaks
  4 dire elephant simulacra (IceCv)
  3 steam dragons
  5 basilisks
  2 wargs (D:11)
  3 harpy simulacra (IceCv)
  9 water moccasins
  An acid dragon (D:11)
  2 nagas (Lair:3)
  2 orc warriors
  An ice beast (D:4)
  A black bear (D:5)
  4 ogres (Bailey)
  21 wolves
  6 centaurs
  Blork the orc (D:5)
  5 kobold brigands
  2 gnoll sergeants
  14 bullfrogs
  2 scorpions (D:5)
  A cane toad simulacrum (IceCv)
  The ghost of foxfromabyss the Cudgeller, a weakling OgGl (D:3)
  15 wights
  An elephant simulacrum (IceCv)
  An electric eel (D:9)
  2 howler monkeys (D:11)
  4 jellies
  4 hounds
  8 orc priests
  5 iguanas
  3 iron imps (D:3)
  Crazy Yiuf (D:3)
  Natasha (thrice) (D:2)
  11 orc wizards
  4 hell rats (Lair:1)
  A troll simulacrum (IceCv)
  2 polar bear simulacra (IceCv)
  Robin (D:2)
  29 gnolls
  2 river rats (Sewer)
  9 adders
  A naga simulacrum (IceCv)
  A white imp (D:4)
  2 ufetubi
  3 worms
  3 dart slugs
  48 orcs
  7 bats
  12 endoplasms
  5 giant cockroaches
  24 goblins
  9 hobgoblins
  2 jackals (D:2)
  2 quokkas (D:5)
  10 ball pythons
  5 frilled lizards
  28 kobolds
  6 rats
485 creatures vanquished.

Vanquished Creatures (collateral kills)
  An ice devil (IceCv)
  A warg (D:11)
  An ogre (Bailey)
  A centaur (D:9)
  A kobold brigand (D:9)
  A phantom (D:5)
  A gnoll sergeant (D:9)
  2 wights
  A howler monkey (D:5)
  An orc priest (D:11)
  3 hounds (D:5)
  2 iguanas (D:5)
  2 orc wizards
  2 hell rats (Lair:1)
  An ufetubus (D:5)
  4 orcs
  A giant cockroach (D:5)
  2 kobolds
28 creatures vanquished.

Vanquished Creatures (others)
  10 fungi
  54 plants
64 creatures vanquished.

Grand Total: 577 creatures vanquished

Notes
Turn   | Place    | Note
-------+----------+-------------------------------------------
     0 | D:1      | Kirkhe the Demonspawn Ice Elementalist began the quest for
                  | the Orb.
     0 | D:1      | Reached XP level 1. HP: 13/13 MP: 3/3
   179 | D:1      | Gained mutation: Spells you cast may paralyse adjacent
                  | enemies. [demonic ancestry]
   179 | D:1      | Reached XP level 2. HP: 19/19 MP: 3/5
   738 | D:2      | Noticed Sigmund
   738 | D:2      | Found a shadowy altar of Dithmenos.
   745 | D:2      | Killed Sigmund
   746 | D:2      | Reached skill level 3 in Spellcasting
   746 | D:2      | Reached skill level 5 in Ice Magic
   746 | D:2      | Gained mutation: A weak demonic guardian rushes to your
                  | aid. [demonic ancestry]
   746 | D:2      | Reached XP level 3. HP: 15/24 MP: 1/7
   746 | D:2      | Gained mutation: You have sharp fingernails. [demonic
                  | ancestry]
   746 | D:2      | Reached XP level 4. HP: 19/30 MP: 1/8
   746 | D:2      | Gained mutation: A demonic guardian rushes to your aid.
                  | [demonic ancestry]
   746 | D:2      | Reached XP level 5. HP: 23/35 MP: 1/9
   750 | D:2      | Noticed Robin
   841 | D:2      | Killed Robin
   970 | D:2      | Identified the +2 helmet of the Snake Pit {rF+ rC- rN+}
  1024 | D:2      | Learned a level 3 spell: Frozen Ramparts
  1028 | D:2      | Learned a level 3 spell: Ozocubu's Armour
  1298 | D:2      | Reached XP level 6. HP: 41/41 MP: 7/10
  1487 | D:2      | Noticed Natasha
  1492 | D:2      | Killed Natasha
  1620 | D:2      | Noticed Natasha
  1626 | D:2      | Killed Natasha
  1627 | D:2      | Reached skill level 1 in Short Blades
  1759 | D:2      | Noticed Natasha
  1768 | D:2      | Killed Natasha
  1907 | D:3      | Found a snail-covered altar of Cheibriados.
  1911 | D:3      | Found a faded altar of an unknown god.
  2017 | D:3      | Reached skill level 4 in Spellcasting
  2017 | D:3      | Gained mutation: You have very sharp fingernails. [demonic
                  | ancestry]
  2017 | D:3      | Reached XP level 7. HP: 29/46 MP: 8/13
  2138 | D:3      | Found a burning altar of Makhleb.
  2237 | D:3      | Found a runed translucent door.
  2240 | D:3      | Noticed foxfromabyss's ghost (weakling OgGl)
  2498 | D:3      | Found a runed translucent door.
  2499 | D:3      | Noticed Crazy Yiuf
  2705 | D:3      | Killed foxfromabyss's ghost
  2859 | D:3      | Killed Crazy Yiuf
  2981 | D:4      | You fall into a shaft and drop 3 floors!
  3043 | D:6      | Found a stormy altar of Qazlal.
  3070 | D:5      | Entered Level 5 of the Dungeon
  3074 | D:5      | Noticed Prince Ribbit
  3078 | D:5      | Reached skill level 5 in Stealth
  3081 | D:5      | Killed Prince Ribbit
  3082 | D:5      | Reached XP level 8. HP: 52/52 MP: 7/15
  3085 | D:5      | Reached skill level 5 in Spellcasting
  3414 | D:5      | Noticed Blork the orc
  3424 | D:5      | Killed Blork the orc
  3459 | D:5      | Reached skill level 6 in Spellcasting
  3521 | D:5      | Gained mutation: Spells you cast may paralyse nearby
                  | enemies. [demonic ancestry]
  3521 | D:5      | Reached XP level 9. HP: 14/57 MP: 1/18
  3538 | D:5      | Found a glowing drain.
  3556 | Sewer    | Entered a sewer
  3845 | Sewer    | Found a shimmering altar of Xom.
  4194 | D:5      | Found a shimmering altar of Xom.
  4382 | D:4      | Found a shimmering blue altar of Sif Muna.
  5182 | D:6      | Found a sacrificial altar of Ru.
  5206 | D:6      | Reached skill level 7 in Spellcasting
  5364 | D:6      | Found a runed translucent gate.
  5364 | D:6      | Found a runed translucent gate.
  5364 | D:6      | Found a runed translucent gate.
  5369 | D:6      | Noticed Zarkath's ghost (novice OpTm)
  6214 | D:7      | Found a staircase to the Ecumenical Temple.
  6465 | Temple   | Entered the Ecumenical Temple
  6524 | Temple   | Became a worshipper of Vehumet
  7018 | D:8      | Noticed Joseph
  7145 | D:8      | Reached skill level 8 in Spellcasting
  7145 | D:8      | Reached XP level 10. HP: 48/63 MP: 19/22
  7488 | D:8      | Killed Joseph
  7706 | D:8      | Found an opulent altar of Gozag.
  7982 | D:8      | Identified the +1 helmet "Vekepp" {rPois Str+6}
  8010 | D:8      | Found an ornate altar of the Wu Jian Council.
  8278 | D:9      | Reached * piety under Vehumet
  8278 | D:9      | Offered knowledge of Shock by Vehumet.
  8281 | D:9      | Reached skill level 9 in Spellcasting
  8520 | D:9      | Noticed Erica
  8535 | D:9      | Killed Erica
  8536 | D:9      | Reached skill level 10 in Spellcasting
  8552 | D:9      | Reached skill level 10 in Ice Magic
  8559 | D:9      | Reached XP level 11. HP: 27/68 MP: 9/25
  8757 | D:9      | Found a flagged portal.
  8766 | Bailey   | Entered a bailey
  8816 | Bailey   | Noticed a two-headed ogre
  8847 | Bailey   | Killed a two-headed ogre
  9023 | Bailey   | Identified the +10 ice dragon scales "Vetao" {rF- rC++
                  | Str+3 Dex+3 Stlth-}
  9094 | Bailey   | Offered knowledge of Static Discharge by Vehumet.
  9194 | D:9      | Reached ** piety under Vehumet
  9245 | D:9      | Found a staircase to the Orcish Mines.
  9298 | D:9      | Found Feepn's General Store.
  9561 | D:9      | Reached skill level 11 in Spellcasting
  9722 | D:9      | Noticed a two-headed ogre
  9731 | D:9      | Killed a two-headed ogre
  9906 | D:10     | Entered Level 10 of the Dungeon
  9944 | D:10     | Found a hide-covered altar of Uskayaw.
  9991 | D:10     | Noticed a two-headed ogre
 10337 | D:10     | Killed a two-headed ogre
 10852 | D:11     | Found a staircase to the Lair.
 10908 | D:11     | Offered knowledge of Kindle Blastsparks by Vehumet.
 10909 | D:11     | Noticed Psyche
 10913 | D:11     | Killed Psyche
 11151 | D:11     | Reached *** piety under Vehumet
 11247 | D:11     | Gained mutation: You have claws for hands. [demonic
                  | ancestry]
 11247 | D:11     | Reached XP level 12. HP: 75/75 MP: 27/27
 11530 | D:11     | Noticed a boulder beetle
 11541 | D:11     | Killed a boulder beetle
 11542 | D:11     | Reached skill level 12 in Spellcasting
 11993 | D:11     | Noticed Lodul
 12071 | Lair:1   | Entered Level 1 of the Lair of Beasts
 12071 | Lair:1   | Found a frozen archway.
 12122 | Lair:1   | Offered knowledge of Stone Arrow by Vehumet.
 12295 | Lair:1   | Reached skill level 1 in Fighting
 12303 | Lair:1   | Reached skill level 5 in Short Blades
 12444 | IceCv    | Entered an ice cave
 12534 | IceCv    | Reached **** piety under Vehumet
 12593 | IceCv    | Gained mutation: You occasionally lose the ability to drink
                  | potions when taking damage. [potion of mutation]
 12593 | IceCv    | Gained mutation: Your system is resistant to poisons.
                  | (rPois) [potion of mutation]
 12594 | IceCv    | Lost mutation: You occasionally lose the ability to drink
                  | potions when taking damage. [potion of mutation]
 12594 | IceCv    | Lost mutation: Your system is resistant to poisons. (rPois)
                  | [potion of mutation]
 12594 | IceCv    | Gained mutation: You are strong-willed. (Will+) [potion of
                  | mutation]
 12665 | IceCv    | Learned a level 3 spell: Stone Arrow
 13004 | IceCv    | Reached skill level 1 in Conjurations
 13553 | IceCv    | Reached skill level 1 in Earth Magic
 13610 | IceCv    | Offered knowledge of Mephitic Cloud by Vehumet.
 13615 | IceCv    | Learned a level 3 spell: Mephitic Cloud
 13670 | IceCv    | Reached skill level 10 in Stealth
 13873 | Lair:1   | Reached skill level 13 in Spellcasting
 14732 | Lair:2   | Reached XP level 13. HP: 83/83 MP: 23/30
 14738 | Lair:2   | Gained mutation: You have a somewhat thin skeletal
                  | structure. (Dex +2, Stealth+) [demonic ancestry]
 14738 | Lair:2   | Reached XP level 14. HP: 90/90 MP: 25/31
 14821 | Lair:2   | Noticed Gastronok
 14934 | Lair:2   | Found a staircase to the Shoals.
 14985 | Lair:2   | Reached ***** piety under Vehumet
 15187 | Lair:2   | Killed Gastronok
 15255 | Lair:2   | Offered knowledge of Freezing Cloud by Vehumet.
 15262 | Lair:2   | Learned a level 5 spell: Freezing Cloud
 15693 | Lair:2   | Reached skill level 14 in Spellcasting
 15849 | Lair:3   | Found a staircase to the Snake Pit.
 16998 | Lair:4   | Noticed Josephine
 17008 | Lair:4   | Killed Josephine
 17117 | Lair:4   | Reached skill level 1 in Armour
 17183 | Lair:4   | Found a staircase to the Slime Pits.
 17184 | Lair:4   | Found a viscous altar of Jiyva.
 17331 | Lair:4   | Slain by a six-headed hydra

Illustrated notes

Levels and vault maps discovered:
D:1:      dpeg_arrival_boxes_within_box, layout_rooms, minmay_splitting_lines
D:2:      layout_loops_ring, basic_altar, hangedman_abyss_or_decor_stabs,
          uniq_natasha, uniq_robin, uniq_sigmund
D:3:      layout_rooms, demons_altar, mainiacjoe_overflow_large_starburst,
          hellmonk_ecumenical_altar_pennies_from_heaven, ebering_ghost_sewer_d,
          patterned_corridor, uniq_crazy_yiuf_cottage
D:4:      layout_gridville, mainiacjoe_overflow_boulevard
D:5:      cheibrodos_fzero, layout_cave_pools, mainiacjoe_overflow_alcove_2,
          portal_sewer_entry_f, uniq_prince_ribbit1, uniq_blork_the_orc
D:6:      layout_loops_ring, nicolae_ru_awakened_eye,
          mainiacjoe_overflow_cross_hatched, gammafunk_ghost_necromancy
D:7:      layout_loops_corners, temple_fountains
D:8:      layout_rooms, mainiacjoe_overflow_alcove_1, grunt_gozag_breadcrumbs,
          hangedman_decor_push, uniq_joseph
D:9:      argonaut_augean_stables, layout_long_grid, orc_0_dummy,
          enter_bailey_5, serial_shops, kennysheep_mini, uniq_erica
D:10:     layout_gridville, mainiacjoe_overflow_catwalk
D:11:     layout_grid_maze, erik_lair_orcish_takeover, uniq_psyche, uniq_lodul
Temple:   hc_temple_tempest_star
Lair:1:   layout_cave_pods, portal_ice_cave_entry_pillars_1, grunt_megastairs_2
Lair:2:   layout_gridlike, minmay_shoals_entry_centaurs, uniq_gastronok
Lair:3:   layout_regular_city, minmay_snake_entry_guardpost_small
Lair:4:   layout_misc_corridors, minmay_slime_entry_pillars, uniq_josephine

Skill      XL: |  1  2  3  4  5  6  7  8  9 10 11 12 13 14 |
---------------+-------------------------------------------+-----
Ice Magic      | 4 5 6 8 10 11 | 11.5
Stealth        | 3 4 5 6 7 8 10 | 10.6
Spellcasting   | 3 4 6 8 10 11 13 14 | 14.3
Short Blades   | 1 2 3 4 5 |  5.9
Fighting       | 2 |  2.1
Conjurations   | 3 7 8 |  8.6
Earth Magic    | 1 2 |  2.0
Armour         | 1 |  1.1
Dodging        | |  1.8
Evocations     | |  0.1

Action                   |  1- 3 |  4- 6 |  7- 9 | 10-12 | 13-15 || total
-------------------------+-------+-------+-------+-------+-------++-------
Melee: Dagger            |    23 |    23 |       |       |       ||    46
       Short sword       |       |    46 |   208 |   201 |    89 ||   544
       Punch             |       |       |     1 |       |     1 ||     2
 Cast: Freeze            |    19 |    50 |   136 |   225 |    72 ||   502
       Ozocubu's Armour  |       |     1 |     9 |    54 |    18 ||    82
       Frozen Ramparts   |       |       |     5 |    22 |     4 ||    31
       Stone Arrow       |       |       |       |    37 |    30 ||    67
       Mephitic Cloud    |       |       |       |     1 |       ||     1
Evoke: Wand              |       |       |     2 |    12 |       ||    14
  Use: Scroll            |       |     3 |    12 |    17 |     1 ||    33
       Potion            |       |       |     2 |     4 |     1 ||     7
 Stab: Sleeping          |    10 |     1 |    15 |    21 |     8 ||    55
       Paralysed         |     4 |    23 |    74 |   104 |    42 ||   247
       Distracted        |       |       |     1 |     1 |       ||     2
Armor: Robe              |     5 |    12 |    53 |   119 |    27 ||   216
       Leather armour    |       |       |       |       |    18 ||    18
Dodge: Dodged            |     8 |    60 |   145 |   165 |    65 ||   443

Table legend: (Time is in decaauts)
 A = Elapsed time spent in this place.
 B = Non-inter-level travel time spent in this place.
 C = Inter-level travel time spent in this place.
 D = Time resting spent in this place.
 E = Time spent auto-exploring this place.
 F = Levels seen in this place.
 G = Mean time per level.
                   A        B        C        D        E       F      G
               +--------+--------+--------+--------+--------+-----+--------+
         Total |  17334 |  16619 |    715 |   1948 |  11112 |  19 |  912.3 |
       Dungeon |  11165 |  10616 |    549 |    665 |   7830 |  11 | 1015.0 |
        Temple |     77 |     63 |     14 |      0 |     55 |   1 |   77.0 |
          Lair |   3923 |   3772 |    151 |    209 |   2776 |   4 |  980.8 |
         Sewer |    404 |    404 |      0 |     92 |    187 |   1 |  404.0 |
        Bailey |    418 |    418 |      0 |    181 |     66 |   1 |  418.0 |
      Ice Cave |   1345 |   1345 |      0 |    801 |    197 |   1 | 1345.0 |
               +--------+--------+--------+--------+--------+-----+--------+

Top non-repeatable levels by time:
   IceCv: 1345 daAuts
  Lair:2: 1324 daAuts
     D:9: 1307 daAuts
     D:3: 1205 daAuts
    D:11: 1203 daAuts
     D:7: 1152 daAuts
  Lair:1: 1069 daAuts
     D:8: 1065 daAuts
  Lair:3: 1064 daAuts
     D:2: 990 daAuts
    D:10: 952 daAuts
     D:6: 905 daAuts
     D:5: 836 daAuts
     D:1: 781 daAuts
     D:4: 765 daAuts
